 Dungeon Crawl Stone Soup version 0.28.0 (webtiles) character file.

Game seed: 14854718216474412538

62 ZeeToo the Slasher (level 4, -8/23 HPs)
             Began as a Vine Stalker Cinder Acolyte on Feb 6, 2022.
             Was a High Priest of Ignis.
             Mangled by Crazy Yiuf (15 damage)
             ... on level 3 of the Dungeon.
             The game lasted 00:06:36 (2359 turns).

ZeeToo the Slasher (Vine Stalker Cinder Acolyte)    Turns: 2359, Time: 00:06:37

Health: -8/23      AC:  2    Str: 18    XL:     4   Next: 8%
Magic:  0/8        EV: 11    Int: 14    God:    Ignis [*****.]
Gold:   102        SH:  0    Dex: 10    Spells: 7/7 levels left

rFire   + . .      SeeInvis .   a - -1 falchion (flame)
rCold   . . .      Faith    .   (no shield)
rNeg    . . .      Spirit   +   b - +0 robe
rPois   +          Reflect  .   (no helmet)
rElec   .          Harm     .   (no cloak)
rCorr   .          Rampage  .   (no gloves)
Will    .....                   (no boots)
Stlth   +.........              (no amulet)
HPRegen 0.87/turn               d - ring of poison resistance
MPRegen 0.11/turn               (no ring)

@: no status effects
A: fangs 2, regeneration 1, magic shield, antimagic bite, no potion heal 2
a: Renounce Religion, Fiery Armour, Foxfire Swarm, Rising Flame


You were on level 3 of the Dungeon.
You worshipped Ignis.
Ignis was extremely pleased with you.
You visited 1 branch of the dungeon, and saw 3 of its levels.

You collected 102 gold pieces.

Inventory:

Hand Weapons
 a - a -1 falchion of flaming (weapon)
Missiles
 g - 15 stones (quivered)
 h - 4 javelins
Armour
 b - a +0 robe (worn)
Jewellery
 d - a ring of poison resistance (left hand)
 i - a ring of flight
Wands
 k - a wand of paralysis (5)
Scrolls
 c - 2 scrolls of identify {unknown}
 f - a scroll of amnesia {unknown}
 l - a scroll of noise {unknown}
Potions
 e - a potion of degeneration {unknown}
 j - a potion of heal wounds {unknown}


   Skills:
 - Level 2.6 Fighting
 + Level 3.6 Long Blades
 - Level 2.0 Spellcasting
 - Level 3.5 Fire Magic


You had 7 spell levels left.
You didn't know any spells.
Your spell library contained the following spells:

 Spells                   Type           Power      Damage    Failure   Level
 Scorch                   Fire           22%        2d6       9%          2


Dungeon Overview and Level Annotations

Branches:
Dungeon (3/15)

Altars:

Annotations:
D:3 Crazy Yiuf


Innate Abilities, Weirdness & Mutations

You have extremely sharp teeth.
Your natural rate of healing is unusually fast.
When hurt, damage is shared between your health and your magic reserves.
Your bite disrupts and absorbs the magic of your enemies.
Potions cannot restore your health.


Message History

Found a stone staircase leading down.
No target in view!
An orc comes into view. It is wielding a +0 short sword.
The orc shouts!
You closely miss the orc. Your bite misses the orc.
The orc hits you with a +0 short sword.
You hit the orc. You burn the orc.
The orc is heavily wounded.
The orc closely misses you.
You barely miss the orc.
The orc is heavily wounded.
The orc barely misses you.
You hit the orc. You burn the orc.
You kill the orc!
Magic restored.
Things that are here:
a +0 short sword; a +0 leather armour You now have 102 gold pieces (gained 6).
Found a mace.
Found a runed translucent door.
Crazy Yiuf shouts!
As you open the door, it creaks loudly!
You barely miss Crazy Yiuf. You bite Crazy Yiuf, but do no damage.
Crazy Yiuf hits you with a +4 quarterstaff of chaos!
Space warps horribly around you!
You slash Crazy Yiuf! You burn Crazy Yiuf.
You bite Crazy Yiuf, but do no damage.
Crazy Yiuf is heavily wounded.
Crazy Yiuf grits, "Proton!
Proton hand ragdoll."
Crazy Yiuf hits you with a +4 quarterstaff of chaos.
* * * LOW HITPOINT WARNING * * *
Crazy Yiuf freezes you.
* * * LOW HITPOINT WARNING * * *
You barely miss Crazy Yiuf.
Crazy Yiuf is heavily wounded.
Crazy Yiuf closely misses you.
You barely miss Crazy Yiuf.
Crazy Yiuf is heavily wounded.
Crazy Yiuf hits you with a +4 quarterstaff of chaos!
Ouch! That really hurt!
You die...

####.####
#.......#....#.######
#.# #.......#....#..
. #.#
#.......##.##### #
#.# ############ #.##
#..# ##.##### ###
#.....## ###..)#
#......####@g...#
##......#..##...#
####### ##....#.###
### #...... ########
####.##### #.......#
### ####.....#.# #.#
#.#......#.#
#.####.#.######.#
#.####..........#


You could see Crazy Yiuf.

Vanquished Creatures
  2 adders (D:2)
  An orc (D:3)
  3 endoplasms
  2 giant cockroaches
  3 hobgoblins
  4 quokkas
  2 ball pythons
  2 bats (D:2)
  9 frilled lizards
  6 goblins
  4 kobolds
  6 rats
44 creatures vanquished.

Vanquished Creatures (others)
  6 plants (D:1)
6 creatures vanquished.

Grand Total: 50 creatures vanquished

Notes
Turn   | Place    | Note
-------+----------+-------------------------------------------
     0 | D:1      | ZeeToo the Vine Stalker Cinder Acolyte began the quest for
                  | the Orb.
     0 | D:1      | Reached XP level 1. HP: 11/11 MP: 3/3
   418 | D:1      | Reached XP level 2. HP: 14/16 MP: 5/5
  1090 | D:1      | Reached XP level 3. HP: 18/19 MP: 6/6
  1926 | D:2      | Gained mutation: Your natural rate of healing is unusually
                  | fast. [Vine Stalker growth]
  1926 | D:2      | Reached XP level 4. HP: 13/23 MP: 4/8
  2125 | D:3      | Found a faded altar of an unknown god.
  2351 | D:3      | Found a runed translucent door.
  2352 | D:3      | Noticed Crazy Yiuf
  2359 | D:3      | Mangled by Crazy Yiuf

Illustrated notes

Levels and vault maps discovered:
D:1:      saegor_arrival_simple_b, layout_loops_ring, minmay_lizard_king
D:2:      layout_rooms, minmay_pentomino_r4
D:3:      layout_basic, lemuel_doored_altar, ebering_ecumenical_altar_rust,
          minmay_fountain_box, uniq_pargi, uniq_crazy_yiuf_cottage

Skill      XL: |  1  2  3 |
---------------+----------+-----
Long Blades    | 3 |  3.6
Spellcasting   | 2 |  2.0
Fighting       | |  2.6
Fire Magic     | |  3.5

Action                   |  1- 3 |  4- 6 || total
-------------------------+-------+-------++-------
Melee: Falchion          |   118 |    11 ||   129
       Bite              |    16 |     3 ||    19
Invok: Fiery Armour      |     1 |       ||     1
Armor: Robe              |    15 |       ||    15
Dodge: Dodged            |    60 |     4 ||    64
